 Dungeon Crawl Stone Soup version 0.25-a0-44-g29a1220a87 (webtiles) character file.

Game seed: 18267731986862753154, levelgen mode: deterministic

259 Alarkh the Skirmisher (level 5, -5/42 HPs)
             Began as a Demonspawn Fighter on Oct 23, 2019.
             Slain by Grinder (6 damage)
             ... on level 4 of the Dungeon.
             The game lasted 00:03:57 (3429 turns).

Alarkh the Skirmisher (Demonspawn Fighter)          Turns: 3429, Time: 00:03:57

Health: -5/42      AC:  6    Str: 16 (19) XL:     5   Next: 95%
Magic:  5/5        EV: 11    Int:  9 (10) God:
Gold:   160        SH:  8    Dex: 14 (17) Spells: 4/4 levels left

rFire    . . .     SeeInvis .   a - +0 long sword
rCold    . . .     Gourm    .   c - +0 shield
rNeg     . . .     Faith    .   b - +0 scale mail
rPois    .         Spirit   .   (no helmet)
rElec    .         Reflect  .   e - scarf {cloud immunity}
rCorr    .         Harm     .   (no gloves)
MR       .....     Rnd*Rage +   (no boots)
Stlth    +.........             (no amulet)
HPRegen  0.14/turn              (no ring)
MPRegen  0.09/turn              (no ring)

@: agile, hasted, very quick
A: claws 1, berserk 1, powered by death 1, strong 1
a: no special abilities


You were on level 4 of the Dungeon.
You were hungry.

You visited 1 branch of the dungeon, and saw 4 of its levels.

You collected 160 gold pieces.

Inventory:

Hand Weapons
 a - a +0 long sword (weapon)
Armour
 b - a +0 scale mail (worn)
 c - a +0 shield (worn)
 e - a scarf of cloud immunity (worn)
Jewellery
 s - a +5 ring of protection {unknown}
Wands
 u - a wand of flame (4)
Scrolls
 g - 2 scrolls of immolation {unknown}
 h - 2 scrolls of amnesia {unknown}
 k - a scroll of blinking {unknown}
 l - 4 scrolls of remove curse {unknown}
 m - a scroll of enchant weapon {unknown}
 q - 3 scrolls of teleportation {unknown}
 t - a scroll of noise {unknown}
 v - a scroll of identify {unknown}
Potions
 i - a potion of cancellation
 o - a potion of mutation
Comestibles
 f - 8 rations


   Skills:
 + Level 4.1 Fighting
 - Level 3.2 Long Blades
 - Level 2.6 Armour
 - Level 2.6 Shields
 * Level 3.6 Unarmed Combat


You had 4 spell levels left.
You didn't know any spells.
Your spell library was empty.

Dungeon Overview and Level Annotations

Branches:
Dungeon (4/15)
 Temple: D:4-7

Altars:
Kikubaaqudgha
Vehumet

Annotations:
D:3 2 transporters
D:4 Grinder


Innate Abilities, Weirdness & Mutations

You have sharp fingernails.
You regenerate a little health from kills.
You tend to lose your temper in combat.
Your muscles are strong. (Str +2)


Message History

You feel yourself speed up.
Grinder blinks!
Grinder gestures at you.
You suddenly lose the ability to move!
Found an ancient bone altar of Kikubaaqudgha.
You can move again.
You closely miss Grinder.
Grinder is moderately wounded.
Grinder hits you.
* * * LOW HITPOINT WARNING * * *
You writhe in agony.
* * * LOW HITPOINT WARNING * * *
You hit Grinder.
Grinder is heavily wounded.
Grinder hits you.
* * * LOW HITPOINT WARNING * * *
You closely miss Grinder.
Grinder is heavily wounded.
Grinder hits you.
You die...

#.....##..###......
.....###..#......... ..#
..............## .##..#
....#...#......## ......
..###...#.......##.....#
>## #...###..........%.#
.. ......##.##.#........
..#.#..###...#.#.5.≈≈.⌠.
........#....#..@≈≈≈≈...
.... .......†....≈≈≈≈..#
..## ..####......≈≈≈≈..#
... .. #......≈≈.≈... .
. #...##.....≈...
.....###.⌠....≈_. .....
#..:##.... ###.#. #..##
#### #..## #...


You could see Grinder.

Vanquished Creatures
  A howler monkey (D:4)
  A hound (D:3)
  An orc priest (D:3)
  An orc wizard (D:3)
  A gnoll (D:1)
  4 adders
  A worm (D:2)
  4 dart slugs
  3 leopard geckos
  7 orcs
  2 ball pythons
  6 bats
  4 giant cockroaches
  8 goblins
  10 hobgoblins
  6 jackals
  A quokka (D:2)
  3 frilled lizards
  8 kobolds
  A quokka skeleton (D:4)
  4 rats
77 creatures vanquished.

Notes
Turn   | Place    | Note
-------+----------+-------------------------------------------
     0 | D:1      | Alarkh the Demonspawn Fighter began the quest for the Orb.
     0 | D:1      | Reached XP level 1. HP: 18/18 MP: 1/1
   173 | D:1      | Gained mutation: You regenerate a little health from kills.
                  | [demonic ancestry]
   173 | D:1      | Reached XP level 2. HP: 18/24 MP: 2/2
   568 | D:1      | Gained mutation: You have sharp fingernails. [demonic
                  | ancestry]
   568 | D:1      | Reached XP level 3. HP: 27/29 MP: 3/3
  1097 | D:2      | Reached skill level 1 in Unarmed Combat
  1378 | D:2      | Found a radiant altar of Vehumet.
  1485 | D:2      | Reached XP level 4. HP: 29/35 MP: 4/4
  1665 | D:2      | Found a faded altar of an unknown god.
  1920 | D:3      | Found a transporter.
  1965 | D:3      | Found a transporter.
  2371 | D:3      | Reached XP level 5. HP: 37/42 MP: 5/5
  3105 | D:4      | Reached skill level 4 in Fighting
  3365 | D:4      | Noticed Grinder
  3366 | D:4      | Gained mutation: You tend to lose your temper in combat.
                  | [potion of mutation]
  3366 | D:4      | Gained mutation: Your muscles are strong. (Str +2) [potion
                  | of mutation]
  3423 | D:4      | Found an ancient bone altar of Kikubaaqudgha.
  3423 | D:4      | Paralysed by Grinder for 2 turns
  3428 | D:4      | HP: 1/42 [Grinder (6)]
  3429 | D:4      | Slain by Grinder

Levels and vault maps discovered:
D:1:      psy_arrival_whirlpool, layout_basic, minmay_misc_feat_secret_circle
D:2:      layout_basic, lemuel_round_altar,
          chequers_ecumenical_altar_simple_redux, hex_large
D:3:      gammafunk_steamed_eel, layout_loops_ring, corexii_shack
D:4:      minmay_wonky_spiral, layout_cave_pools, kiku_gazebo_pond_becter,
          first_ration, uniq_menkaure, uniq_grinder, uniq_edmund

Skill      XL: |  1  2  3  4  5 |
---------------+----------------+-----
Long Blades    | 2 3 |  3.2
Unarmed Combat | 1 2 3 |  3.6
Fighting       | 4 |  4.1
Armour         | |  2.6
Shields        | |  2.6

Action                   |  1- 3 |  4- 6 || total
-------------------------+-------+-------++-------
Melee: Long sword        |   147 |   165 ||   312
  Use: Potion            |       |    11 ||    11
  Eat: Chunk             |     2 |     6 ||     8
Armor: Scale mail        |    66 |    76 ||   142
       Skin              |       |     9 ||     9
Dodge: Dodged            |    45 |    50 ||    95
Block: Shield            |    77 |    82 ||   159
       Rpst.: Long sword |    14 |    10 ||    24

Table legend:
 A = Non-vault XP
 B = Vault XP
 C = Vault XP percentage of total XP
 D = Non-vault monster count
 E = Vault monster count
 F = Vault count percentage of total count
                 A         B        C        D         E       F
            +---------+---------+-------+---------+---------+-------
      Total |     370 |       1 |   0.3 |      76 |       1 |   1.3
            +---------+---------+-------+---------+---------+-------
        D:1 |      59 |       0 |   0.0 |      25 |       0 |   0.0
        D:2 |      45 |       0 |   0.0 |      17 |       0 |   0.0
        D:3 |     212 |       1 |   0.5 |      30 |       1 |   3.2
        D:4 |      54 |       0 |   0.0 |       4 |       0 |   0.0
            +---------+---------+-------+---------+---------+-------
